 Dungeon Crawl Stone Soup version 0.31-a0-472-g43a2ca8e1b (webtiles) character file.

Game seed: 14874056665360819051

18 Ethylacetat the Changeling (level 2, -1/18 HPs)
             Began as an Octopode Shapeshifter on Aug 6, 2023.
             Slain by a jackal (2 damage)
             ... on level 1 of the Dungeon.
             The game lasted 00:00:18 (248 turns).

Ethylacetat the Changeling (Octopode Shapeshifter)   Turns: 248, Time: 00:00:19

Health: -1/18      AC:  1    Str: 14    XL:     2   Next: 70%
Magic:  2/2        EV: 13    Int: 10    God:
Gold:   21         SH:  0    Dex: 12    Spells: 1/1 levels left

rFire   . .          .
                       - Unarmed
rCold   . . .        (no shield)
rNeg    . . .        (helmet currently unavailable)
rPois   .            (no amulet)
rElec   .            (no ring)
rCorr   .            (no ring)
SInv    .            (no ring)
Will    .....        (no ring)
Stlth   ++           (no ring)
HPRegen 0.23/turn    (no ring)
MPRegen 0.08/turn    (no ring)
                     (no ring)

%: no passive effects
@: beast-form
A: beast (slay +2), almost no armour, amphibious, 8 rings, camouflage 1,
gelatinous body 1, (nimble swimmer 1), tentacles
a: Begin Untransformation


You were on level 1 of the Dungeon.
You were a hulking beast.
You visited 1 branch of the dungeon, and saw 1 of its levels.

You collected 21 gold pieces.

Inventory:

Jewellery
 d - an amulet of magic regeneration
Talismans
 b - a beast talisman (active)
Scrolls
 c - a scroll of teleportation {unknown}
Potions
 a - a potion of lignification


   Skills:
 + Level 1.4 Fighting
 - Level 2.1 Dodging
 + Level 3.2 Unarmed Combat
 * Level 3.2 Shapeshifting


You had one spell level left.
You didn't know any spells.
Your spell library contained the following spells:

 Spells                   Type           Power      Damage    Failure   Level
 Freeze                   Ice            0%         1d3       36%         1
 Frozen Ramparts          Ice            0%         1d1       75%         3
 Hailstorm                Conj/Ice       0%         3d3       75%         3


Dungeon Overview and Level Annotations

Branches:
Dungeon (1/15)

Altars:


Innate Abilities, Weirdness & Mutations

You are a hulking beast.
Your limbs bulge with bestial killing power. (Slay +2)
You cannot wear most types of armour.
You are amphibious.
You can wear up to eight rings at the same time.
Your skin changes colour to match your surroundings (Stealth+).
Your rubbery body absorbs attacks. (AC +1, EV +1)
((You are camouflaged when in or above water. (Stealth+)))
You have tentacles for arms and can constrict up to eight enemies at once.


Message History

There are monsters nearby!
A jackal comes into view.
Found a stone staircase leading down.
There are monsters nearby!
There are monsters nearby!
A jackal comes into view.
The jackal barks! x2
The jackal closely misses you.
The jackal barks! x2
There are monsters nearby!
You tentacle-slap the jackal.
You kill the jackal!
The jackal bites you.
There are monsters nearby!
You tentacle-slap the jackal. Your grab misses the jackal.
Your squeeze misses the jackal.
The jackal is almost dead.
The jackal barely misses you. The jackal bites you.
The endoplasm closely misses you. The jackal bites you. x2
The jackal barely misses you.
You barely miss the jackal. Your grab misses the jackal.
Your tentacle-slap misses the jackal.
You squeeze the jackal.
You kill the jackal!
The jackal barely misses you. The jackal bites you.
The endoplasm barely misses you.
There are monsters nearby!
You closely miss the jackal. Your grab misses the jackal.
You tentacle-slap the jackal.
The jackal is moderately wounded.
The jackal bites you. x2
The endoplasm freezes you.
You are frozen.
* * * LOW HITPOINT WARNING * * *
You tentacle-slap the jackal. Your grab misses the jackal.
The jackal is severely wounded.
The jackal bites you.
* * * LOW HITPOINT WARNING * * *
The jackal barely misses you. The endoplasm closely misses you.
The jackal closely misses you. The jackal bites you.
You die...

.#....#.##.######.##
.###..#.##.# #...#
.#.#..#.##.#
#...######
.#.#..#.##.#
#.........#
......#.##..
#.........#
......#.###.
#.........#
......#.# #
#.........#
#....##.#
#..##.........#
........#
#..†hJ.......#
#########
###hh........# #
#.......... #
##........ #
...>##### # ##### #
#


You could see an endoplasm and 2 jackals.

Vanquished Creatures
  A dart slug (D:1)
  A ball python (D:1)
  A giant cockroach (D:1)
  A hobgoblin (D:1)
  6 jackals (D:1)
  A quokka (D:1)
  3 rats (D:1)
14 creatures vanquished.

Notes
Turn   | Place    | Note
-------+----------+-------------------------------------------
     0 | D:1      | Ethylacetat the Octopode Shapeshifter began the quest for
                  | the Orb.
     0 | D:1      | Reached XP level 1. HP: 13/13 MP: 1/1
   123 | D:1      | Reached XP level 2. HP: 18/18 MP: 2/2
   248 | D:1      | Slain by a jackal

Illustrated notes

Levels and vault maps discovered:
D:1:      pf_arrival_petrified_forest, layout_basic, minmay_quantized

Action                     || total
---------------------------++-------
  Melee: Unarmed           ||    23
         Constrict         ||     4
         Tentacles         ||     6
         Punch             ||     1
   Stab: Sleeping          ||     3
 Armour: Skin              ||     1
  Dodge: Dodged            ||    23

Table legend: (Time is in decaauts)
 A = Elapsed time spent in this place.
 B = Non-inter-level travel time spent in this place.
 C = Inter-level travel time spent in this place.
 D = Time resting spent in this place.
 E = Time spent auto-exploring this place.
 F = Levels seen in this place.
 G = Mean time per level.
                   A        B        C        D        E       F      G
               +--------+--------+--------+--------+--------+-----+--------+
         Total |    247 |    247 |      0 |      0 |    189 |   1 |  247.0 |
       Dungeon |    247 |    247 |      0 |      0 |    189 |   1 |  247.0 |
               +--------+--------+--------+--------+--------+-----+--------+

Top non-repeatable levels by time:
     D:1: 247 daAuts
